 Dungeon Crawl Stone Soup version 0.25.0-33-gff14898491 (webtiles) character file.

Game seed: 11141088064295898889

2287 MisterFreud the Thaumaturge (level 9, 0/64 HPs)
             Began as a Demonspawn Ice Elementalist on July 6, 2020.
             Was an Initiate of Gozag.
             Slain by Joseph
             ... wielding a +0 quarterstaff
              (9 damage)
             ... on level 7 of the Dungeon.
             The game lasted 00:21:09 (7462 turns).

MisterFreud the Thaumaturge (DsIE)                  Turns: 7462, Time: 00:21:10

Health: 0/64       AC:  3    Str: 15    XL:     9   Next: 17%
Magic:  0/21       EV: 13    Int: 19    God:    Gozag
Gold:   922        SH:  0    Dex: 14    Spells: 20/24 levels left

rFire    x . .     SeeInvis .     - Unarmed
rCold    + . .     Gourm    .   (no shield)
rNeg     . . .     Faith    .   a - +0 robe
rPois    .         Spirit   +   (no helmet)
rElec    .         Reflect  .   (no cloak)
rCorr    .         Harm     .   (no gloves)
MR       .....                  (no boots)
Stlth    ++........             (no amulet)
HPRegen  0.20/turn              C - +6 ring of strength
MPRegen  0.34/turn              z - ring of ice

@: about to teleport, lightly drained
A: talons 1, rugged brown scales 1, powered by death 1, magic shield, magic
regeneration
a: Potion Petition, Call Merchant, Bribe Branch, Renounce Religion


You were on level 7 of the Dungeon.
You worshipped Gozag.
Gozag was pleased with you.
You were not hungry.

You visited 1 branch of the dungeon, and saw 7 of its levels.

You collected 968 gold pieces.
You paid 46 gold pieces to Gozag.

Inventory:

Hand Weapons
 t - a +5 dagger
Missiles
 f - 3 silver boomerangs
 i - 11 boomerangs (quivered)
 r - 9 poisoned darts
 D - 4 atropa-tipped darts
Armour
 a - a +0 robe (worn)
Jewellery
 m - an uncursed ring of protection from cold
 z - a ring of ice (right hand)
 B - an uncursed ring of protection from cold
 C - a +6 ring of strength (left hand)
Wands
 w - a wand of disintegration (3)
Scrolls
 e - a scroll of blinking {unknown}
 g - a scroll of teleportation
 k - 6 scrolls of remove curse
 l - 2 scrolls of identify
 n - a scroll of amnesia {unknown}
 o - 3 scrolls of fear
 p - a scroll of magic mapping {unknown}
 q - 2 scrolls of enchant weapon
 v - a scroll of noise {unknown}
Potions
 b - 2 potions of curing
 d - a potion of resistance
 h - 3 potions of degeneration
 j - a potion of mutation
 u - 2 potions of cancellation
 A - a potion of haste
 E - a potion of ambrosia
Comestibles
 c - 6 rations


   Skills:
 - Level 3.0(2.5) Fighting
 + Level 3.0(2.5) Dodging
 - Level 1.7(1.3) Stealth
 - Level 6.0(5.4) Unarmed Combat
 - Level 8.0(7.5) Spellcasting
 - Level 5.0(4.4) Ice Magic
 + Level 0.4(0.0) Evocations


You had 20 spell levels left.
You knew the following spells:

 Your Spells              Type           Power        Failure   Level  Hunger
a - Freeze                Ice            ####         1%          1    None
b - Frozen Ramparts       Ice            #####.       4%          3    #......

Your spell library contained the following spells:

 Spells                   Type           Power        Failure   Level  Hunger
 Magic Dart               Conj           #...         10%         1    None
 Summon Small Mammal      Summ           #...         10%         1    None
 Ozocubu's Armour         Chrm/Ice       ###.....     12%         3    #......
 Call Imp                 Summ           #.......     14%         2    None
 Searing Ray              Conj           #.....       14%         2    None
 Call Canine Familiar     Summ           #.......     28%         3    #......
 Dazzling Flash           Conj/Hex       #.....       28%         3    #......
 Summon Guardian Golem    Hex/Summ       #.......     28%         3    #......
 Hailstorm                Conj/Ice       ###.....     36%         4    ###....
 Summon Ice Beast         Ice/Summ       ###.....     36%         4    ###....
 Fulminant Prism          Conj/Hex       #.........   67%         4    ###....
 Iskenderun's Mystic Bla  Conj/Tloc      #.......     67%         4    ###....
 Summon Lightning Spire   Summ/Air       #.......     67%         4    ###....


Dungeon Overview and Level Annotations

Branches:
Dungeon (7/15)             Temple (0/1) D:4

Altars:
Ashenzari
Dithmenos
Gozag
Hepliaklqana
Kikubaaqudgha
Ru
Trog
Zin
The Shining One

Shops:
D:7 (!

Annotations:
D:7 Joseph


Innate Abilities, Weirdness & Mutations

You have sharp toenails.
You are partially covered in rugged brown scales. (AC +1, +3% HP)
You regenerate a little health from kills.
When hurt, damage is shared between your health and your magic reserves.
You regenerate magic rapidly.


Message History

Casting: Freeze (safe; 1% risk of failure)
Confirm with . or Enter, or press ? or * to list all spells.
Aiming: Freeze (safe; 1% risk of failure)
Press: ? - help, Shift-Dir - straight line, f/p - Joseph
Aim: Joseph, wielding a +0 quarterstaff, wearing a +0 leather armour and quivering 11 sling bullets (moderately wounded)
You feel a surge of power!
You freeze Joseph.
Joseph is moderately wounded.
Joseph hits you with a +0 quarterstaff!
* * * LOW HITPOINT WARNING * * *
Unknown command.
Unknown command.
As you read the scroll of teleportation, it crumbles to dust.
You feel strangely unstable. Joseph closely misses you.
The ogre shouts!
You hit Joseph but do no damage.
Joseph is moderately wounded.
Unknown command.
Joseph hits you with a +0 quarterstaff!
You die...
Your body crumbles into a pile of gold.

... $.. ... #.# #.#
#.# ###.#######
#..(......#
#...(.@...#
#(.....@..#
.##########.........#
....∩..(∩..<........#
...@........<..$....#
.###....(......>....#
#....##.....O...#
#...###.........#
#...# ###.######


You could see Joseph and an ogre.

Vanquished Creatures
  A two-headed ogre (D:6)
  A phantom (D:6)
  An ice beast (D:6)
  3 ogres
  3 centaurs
  A scorpion (D:6)
  A wight (D:7)
  A crimson imp (D:4)
  A centaur zombie (D:6)
  A jelly (D:5)
  2 hounds
  2 orc priests (D:6)
  3 iguanas
  A bullfrog skeleton (D:5)
  A centaur skeleton (D:2)
  4 orc wizards
  5 worker ants
  A hound zombie (D:5)
  12 adders
  A shadow imp (D:5)
  An ooze (D:2)
  5 adder skeletons
  4 dart slugs
  4 leopard geckos
  24 orcs
  3 giant cockroaches
  9 goblins
  9 hobgoblins
  18 jackals
  7 kobolds
  6 quokkas
  2 ball pythons
  8 bats
  4 frilled lizards
  A giant cockroach zombie (D:5)
  11 rats
162 creatures vanquished.

Notes
Turn   | Place    | Note
-------+----------+-------------------------------------------
     0 | D:1      | MisterFreud the Demonspawn Ice Elementalist began the quest
                  | for the Orb.
     0 | D:1      | Reached XP level 1. HP: 13/13 MP: 3/3
    80 | D:1      | Reached skill level 1 in Fighting
   364 | D:1      | Gained mutation: You have sharp toenails. [demonic
                  | ancestry]
   364 | D:1      | Reached XP level 2. HP: 22/22 MP: 3/5
   998 | D:1      | Reached XP level 3. HP: 27/28 MP: 3/6
  1003 | D:1      | Learned a level 3 spell: Frozen Ramparts
  1536 | D:2      | Found an opulent altar of Gozag.
  1830 | D:2      | Gained mutation: When hurt, damage is shared between your
                  | health and your magic reserves. [demonic ancestry]
  1830 | D:2      | Reached XP level 4. HP: 35/35 MP: 3/7
  1921 | D:2      | Found a shadowy altar of Dithmenos.
  1921 | D:2      | Found a hazy altar of Hepliaklqana.
  1924 | D:2      | Noticed a shadow
  2536 | D:3      | Noticed an ice beast
  2580 | D:3      | Found a shattered altar of Ashenzari.
  2836 | D:3      | Reached skill level 3 in Spellcasting
  2848 | D:3      | Gained mutation: You regenerate a little health from kills.
                  | [demonic ancestry]
  2848 | D:3      | Reached XP level 5. HP: 33/41 MP: 3/9
  3111 | D:3      | Found a glowing golden altar of the Shining One.
  3638 | D:2      | Became a worshipper of Gozag Ym Sagoz the Greedy
  3732 | D:4      | Found a staircase to the Ecumenical Temple.
  4285 | D:4      | Reached skill level 1 in Unarmed Combat
  4285 | D:4      | Reached XP level 6. HP: 38/47 MP: 6/11
  4467 | D:5      | Entered Level 5 of the Dungeon
  4472 | D:4      | Reached skill level 5 in Ice Magic
  4773 | D:5      | Reached skill level 4 in Spellcasting
  4823 | D:5      | Found a bloodstained altar of Trog.
  4974 | D:5      | Found an ancient bone altar of Kikubaaqudgha.
  4985 | D:5      | Gained mutation: You are partially covered in rugged brown
                  | scales. (AC +1, +3% HP) [demonic ancestry]
  4985 | D:5      | Reached XP level 7. HP: 47/53 MP: 9/14
  5065 | D:5      | Reached skill level 5 in Spellcasting
  5342 | D:5      | Reached skill level 6 in Spellcasting
  5748 | D:5      | Found a sacrificial altar of Ru.
  5781 | D:5      | Gained mutation: You regenerate magic rapidly. [demonic
                  | ancestry]
  5781 | D:5      | Reached XP level 8. HP: 45/59 MP: 12/17
  6262 | D:6      | Found a glowing silver altar of Zin.
  6539 | D:6      | Reached skill level 7 in Spellcasting
  6629 | D:6      | Noticed a two-headed ogre
  6677 | D:6      | Killed a two-headed ogre
  6677 | D:6      | Reached skill level 5 in Unarmed Combat
  6677 | D:6      | Reached skill level 8 in Spellcasting
  6798 | D:6      | Reached XP level 9. HP: 50/64 MP: 14/21
  7196 | D:7      | Found Set Ami's Distillery.
  7196 | D:7      | Found Equevez's Weapon Emporium.
  7200 | D:7      | Noticed Joseph
  7462 | D:7      | Slain by Joseph

Illustrated notes

Levels and vault maps discovered:
D:1:      eino_arrival_cavern_b, layout_loops_cross, minmay_pentomino_q4
D:2:      layout_basic, riverfiend_overflow_shadow_ancestor,
          grunt_gozag_breadcrumbs
D:3:      layout_loops_ring, evilmike_ruin_ashenzari,
          nicolae_overflow_hidden_temple
D:4:      layout_rooms, minmay_temple_entry_hall, first_ration
D:5:      layout_basic, lemuel_doored_altar, kiku_gazebo_garden_becter,
          basic_altar, grunt_ministairs_1, minmay_chambers_of_fives
D:6:      layout_cave_pools, zin_academy
D:7:      layout_rooms, eat_drink_and_be_merry_uskayaw, serial_shops,
          kennysheep_little_box, shop, shop, shop, minmay_holes, uniq_joseph

Skill      XL: |  1  2  3  4  5  6  7  8  9 |
---------------+----------------------------+-----
Fighting       | 1 2 3 |  3.0
Ice Magic      | 4 5 |  5.0
Spellcasting   | 3 4 6 8 |  8.0
Unarmed Combat | 1 2 3 5 6 |  6.0
Dodging        | 3 |  3.0
Stealth        | |  1.7
Evocations     | |  0.4

Action                   |  1- 3 |  4- 6 |  7- 9 || total
-------------------------+-------+-------+-------++-------
Melee: Unarmed           |     5 |       |    77 ||    82
       Dagger            |    20 |    75 |    46 ||   141
       Kick              |     3 |    18 |    35 ||    56
       Punch             |       |       |     3 ||     3
Throw: Dart              |       |     2 |     1 ||     3
 Cast: Freeze            |    33 |    20 |    26 ||    79
       Frozen Ramparts   |     4 |    13 |    17 ||    34
Evoke: Wand              |       |       |    10 ||    10
  Use: Scroll            |       |       |    13 ||    13
 Stab: Sleeping          |     7 |     4 |     1 ||    12
       Distracted        |       |       |     2 ||     2
  Eat: Chunk             |     4 |     3 |       ||     7
       Ration            |       |     2 |     3 ||     5
Armor: Robe              |    10 |    17 |    17 ||    44
Dodge: Dodged            |    27 |    66 |    95 ||   188
